Map: Lightshade LE

Players

MCanning - Winner!

  • Race: Protoss Protoss

DisK

  • Race: Protoss Protoss

VOD

Have the link to the VOD?

Description

Time

  • Played on: Oct. 7, 2021, 4:16 p.m.
  • Length: 10:59
Show
View Real Time Build Order
Export as new Build Order

MCanning Protoss - Winner!

Build Orders: Archon Immortal 

Get SALT Encoding   

  12  0:00  Probe  
  13  0:12  Probe  
  14  0:17  Pylon  
  14  0:24  Probe  
  15  0:36  Probe (Chrono Boost)  
  15  0:37  Gateway  
  16  0:47  Assimilator, Probe (Chrono Boost)  
  17  0:51  Probe (Chrono Boost)  
  17  0:56  Assimilator  
  18  1:03  Probe (Chrono Boost)  
  20  1:12  Gateway, Probe (Chrono Boost)  
  20  1:17  Probe (Chrono Boost)  
  21  1:26  Cybernetics Core  
  21  1:30  Probe  
  22  1:38  Pylon  
  22  1:42  Probe  
  23  1:56  Probe  
  24  2:03  Adept, Warp Gate (Chrono Boost)  
  24  2:05  Adept  
  28  2:09  Pylon  
  28  2:10  Probe  
  29  2:33  Adept  
  29  2:35  Adept  
  32  2:48  Nexus  
  32  2:57  Probe  
  33  3:03  Adept  
  33  3:05  Adept  
  37  3:09  Pylon  
  37  3:16  Probe (Chrono Boost)  
  38  3:21  Shield Battery  
  39  3:28  Probe (Chrono Boost)  
  39  3:33  Probe (Chrono Boost)  
  40  3:43  Probe  
  40  3:44  Adept x2  
  40  3:48  Robotics Facility  
  46  3:58  Probe (Chrono Boost)  
  46  4:00  Probe (Chrono Boost)  
  47  4:05  Sentry x2  
  53  4:10  Probe (Chrono Boost)  
  53  4:11  Probe (Chrono Boost)  
  53  4:15  Probe (Chrono Boost)  
  54  4:22  Probe (Chrono Boost), Shield Battery  
  55  4:27  Probe (Chrono Boost)  
  55  4:28  Stalker  
  58  4:35  Probe x2 (Chrono Boost)  
  60  4:41  Immortal (Chrono Boost)  
  60  4:45  Pylon  
  62  4:49  Assimilator  
  62  4:55  Forge  
  62  5:02  Assimilator  
  62  5:03  Probe x2  
  64  5:15  Probe x2  
  64  5:18  Immortal (Chrono Boost)  
  64  5:20  Stalker  
  66  5:27  Probe x2  
  66  5:28  Phoenix  
  65  5:35  Protoss Ground Weapons Level 1 (Chrono Boost)  
  61  5:39  Probe x2  
  61  5:42  Twilight Council  
  61  5:43  Gateway, Pylon  
  61  5:47  Sentry  
  63  5:51  Probe  
  63  5:52  Probe  
  63  5:55  Pylon  
  65  5:58  Gateway  
  65  5:59  Pylon  
  65  6:00  Observer  
  65  6:02  Pylon  
  66  6:07  Probe  
  67  6:15  Stalker x2  
  71  6:21  Immortal  
  75  6:26  Charge (Chrono Boost)  
  75  6:30  Shield Battery  
  73  6:39  Stalker x2  
  77  6:40  Stalker  
  73  6:59  Nexus  
  73  7:00  Immortal  
  77  7:05  Sentry  
  79  7:10  Pylon  
  79  7:12  Adept x3  
  85  7:21  Probe  
  85  7:22  Probe  
  87  7:30  Templar Archives  
  87  7:33  Shield Battery  
  87  7:34  Probe x2  
  87  7:36  Gateway  
  87  7:37  Gateway  
  87  7:38  Protoss Ground Weapons Level 2 (Chrono Boost)  
  87  7:40  Observer  
  88  7:48  Probe  
  88  7:50  Probe  
  88  8:00  Probe  
  88  8:02  Observer, Zealot  
  88  8:03  Zealot x3  
  88  8:05  Probe  
  94  8:12  Photon Cannon  
  94  8:13  Probe  
  95  8:23  Photon Cannon, Gateway  
  95  8:25  Zealot x2  
  95  8:26  Gateway  
  99  8:27  Zealot  
  101  8:37  Warp Prism, Observer  
  103  8:41  Pylon, High Templar x2  
  103  8:42  Probe  
  103  8:48  Probe  
  109  8:49  Zealot x2, Archon  
  109  8:54  Assimilator  
  113  9:02  Pylon  
  113  9:03  Dark Shrine, Pylon  
  110  9:11  High Templar  
  110  9:12  High Templar  
  110  9:13  Zealot x2  
  110  9:14  Zealot x2  
  110  9:16  Archon  
  122  9:25  Stalker  
  122  9:26  Stalker  
  122  9:28  Photon Cannon  
  126  9:33  Zealot  
  126  9:34  Zealot x3  
  134  9:40  Assimilator  
  134  9:48  Zealot x3  
  140  9:56  Pylon  
  140  10:09  Pylon x2  
  140  10:11  Pylon  
  140  10:14  Robotics Bay  
  140  10:16  Zealot x2  
  140  10:17  Zealot x4  
  144  10:22  High Templar x2  
  144  10:27  Nexus, Archon  
  144  10:38  Zealot x5  
  130  10:45  Dark Templar  
  104  10:57  High Templar x2  
Show
View Real Time Build Order
Export as new Build Order

DisK Protoss 

Build Orders: Blink Stalkers 

Get SALT Encoding   

  12  0:00  Probe  
  13  0:12  Probe  
  14  0:17  Pylon  
  14  0:24  Probe (Chrono Boost)  
  15  0:35  Gateway  
  15  0:36  Probe (Chrono Boost)  
  16  0:45  Probe (Chrono Boost)  
  16  0:46  Assimilator  
  17  0:50  Probe  
  17  0:54  Assimilator  
  18  1:03  Probe (Chrono Boost)  
  19  1:07  Gateway  
  19  1:13  Probe (Chrono Boost)  
  19  1:18  Probe (Chrono Boost)  
  20  1:22  Cybernetics Core  
  21  1:29  Probe  
  22  1:33  Pylon  
  22  1:41  Probe  
  23  1:53  Probe  
  24  1:59  Stalker x2  
  28  2:02  Warp Gate (Chrono Boost)  
  28  2:11  Pylon  
  28  2:13  Probe  
  29  2:29  Stalker x2  
  33  2:40  Twilight Council  
  33  2:43  Probe  
  34  3:07  Nexus  
  34  3:12  Probe  
  35  3:14  Stalker  
  38  3:28  Blink (Chrono Boost)  
  38  3:36  Probe  
  38  3:39  Shield Battery  
  37  3:47  Pylon  
  37  3:54  Probe  
  38  4:06  Robotics Facility, Stalker x2  
  42  4:17  Gateway  
  42  4:26  Probe x2  
  44  4:33  Gateway  
  44  4:38  Probe x2 (Chrono Boost)  
  44  4:50  Probe x2 (Chrono Boost)  
  44  4:51  Adept x2  
  50  4:56  Probe x2 (Chrono Boost)  
  50  4:59  Observer  
  53  5:04  Probe x2  
  53  5:06  Gateway  
  49  5:30  Probe (Chrono Boost)  
  49  5:31  Stalker  
  49  5:32  Stalker  
  49  5:33  Observer  
  49  5:34  Probe (Chrono Boost)  
  51  5:40  Probe (Chrono Boost)  
  53  5:43  Probe (Chrono Boost)  
  53  5:49  Probe x2 (Chrono Boost)  
  55  5:55  Stalker x2  
  55  5:56  Probe  
  60  5:59  Nexus  
  60  6:03  Pylon  
  60  6:04  Probe  
  61  6:28  Stalker x2  
  61  6:30  Probe x2 (Chrono Boost)  
  66  6:34  Charge  
  66  6:36  Forge  
  66  6:37  Gateway  
  67  6:40  Probe (Chrono Boost)  
  61  6:52  Stalker x2  
  60  6:54  Observer  
  60  6:57  Probe x2  
  60  6:59  Assimilator  
  62  7:02  Gateway  
  62  7:03  Protoss Ground Weapons Level 1 (Chrono Boost)  
  62  7:04  Gateway  
  62  7:08  Gateway  
  62  7:10  Probe  
  62  7:11  Probe  
  62  7:13  Probe  
  65  7:24  Warp Prism  
  65  7:28  Pylon  
  67  7:33  Probe  
  67  7:34  Probe  
  67  7:35  Probe  
  70  7:39  Zealot, Sentry  
  70  7:41  Zealot  
  74  7:46  Probe x2  
  74  7:50  Probe  
  76  7:57  Zealot  
  76  7:58  Probe  
  76  8:01  Probe  
  77  8:09  Gateway  
  77  8:10  Gateway  
  77  8:13  Zealot x2  
  81  8:20  Zealot x3  
  81  8:24  Pylon  
  87  8:28  Pylon  
  87  8:39  Zealot x3  
  91  8:52  Observer  
  91  8:55  Zealot x3  
  91  9:00  Zealot x2, Pylon x2  
  101  9:12  Pylon  
  101  9:16  Templar Archives  
  101  9:18  Probe x2  
  101  9:23  Probe  
  103  9:25  Shield Battery x2  
  103  9:30  Probe  
  104  9:41  Zealot x7  
  104  9:42  Zealot  
  113  9:53  Shield Battery  
  114  10:01  Pylon  
  114  10:02  High Templar x4  
  114  10:03  High Templar  
  114  10:05  High Templar  
  125  10:07  Archon x2, Pylon  
  125  10:08  Archon, Pylon  
  112  10:23  Zealot x2  
  116  10:35  Zealot x5  
  97  10:42  Zealot  
  97  10:43  Zealot x2  
Tags
 
Add a new tag
Caveats
  • Supply blocks, unpowered buildings, or Contaminate may cause inaccurate times.
  • Supply counts are checked every 10 seconds.